 Dungeon Sprint DCSS version 0.20-a0-1124-g2e29d97 (webtiles) character file.

1416 potatolord6000 the Fighter (level 8, -5/95 (101) HPs)
             Began as an Ogre Fighter on May 16, 2017.
             Was an Initiate of Gozag.
             Slain by a polar bear (15 damage)
             ... in the Dungeon (Sprint II: "The Violet Keep of Menkaure").
             The game lasted 00:04:46 (660 turns).

potatolord6000 the Fighter (Ogre Fighter)            Turns: 660, Time: 00:04:47

HP:   -5/95 (101)   AC:  3    Str: 28    XL:     8   Next: 71%
MP:   8/8           EV: 20    Int: 12    God:    Gozag
Gold: 277           SH:  0    Dex: 13    Spells: 7/7 levels left

rFire    + . .     SeeInvis .   a - +0 flail
rCold    + . .     Gourm    .   (no shield)
rNeg     + + .     Faith    .   b - +0 robe
rPois    +         Spirit   .   (helmet restricted)
rElec    +         Reflect  .   (no cloak)
rCorr    +         Harm     .   (gloves unavailable)
MR       .....     NoTele   +   (boots unavailable)
Stlth    ++........             c - amulet "Inenlas" {rN++ Regen+ Int+3}
Regen    1.1/turn               (no ring)
MPRegen  0.2/turn               (no ring)

@: mighty, agile, resistant, flying
A: unfitting armour, regeneration 1, tough skin 1
a: Potion Petition, Call Merchant, Bribe Branch, Renounce Religion


You were in the Dungeon.
You worshipped Gozag.
Gozag was aware of your devotion.
You were full.

You visited 1 branch You collected 972 gold pieces.
You spent 695 gold pieces at shops.

Inventory:

Hand Weapons
 a - a +0 flail (weapon)
Armour
 b - a +0 robe (worn)
Jewellery
 c - the amulet "Inenlas" (around neck) {rN++ Regen+ Int+3}
   (You bought it in a shop in the Dungeon)

   [amulet of regeneration]

   It affects your intelligence (+3).
   It greatly protects you from negative energy.
   It increases your rate of regeneration.
Scrolls
 k - a scroll of blinking
Potions
 i - 2 potions of magic
Comestibles
 d - a royal jelly


   Skills:
 + Level 12.5 Fighting
 + Level 8.9 Maces & Flails
 + Level 7.9 Armour
 + Level 9.2 Dodging
   Level 2.6 Shields


You had 7 spell levels left.
You didn't know any spells.

Dungeon Overview and Level Annotations

Branches:
Dungeon (1/1)

Altars:
Cheibriados
Dithmenos
Elyvilon
Fedhas
Gozag
Hepliaklqana
Kikubaaqudgha
Makhleb
Nemelex Xobeh
Okawaru
Qazlal
Ru
Sif Muna
Trog
Uskayaw
Vehumet
Wu Jian
Xom
Yredelemnul
Zin
The Shining One
Beogh
Jiyva
Lugonu

Shops:
D :%}[!:[[[!=}==?(

Annotations:
D exclusion: oklob plant


Innate Abilities, Weirdness & Mutations

You are too large for most types of armour.
You have tough skin. (AC +1)
Your natural rate of healing is unusually fast.


Message History

[c] - 0 gold - curing, magic, haste and brilliance Purchase which effect?
You feel protected.
You feel very buoyant.
You fly up into the air.
You feel very mighty all of a sudden.
You feel agile all of a sudden. The polar bear completely misses you.
The polar bear closely misses you. The polar bear completely misses you.
You hit the polar bear.
The polar bear is heavily wounded.
The polar bear misses you. The polar bear closely misses you.
The polar bear barely misses you. The hornet completely misses you.
The polar bear barely misses you. x2
The polar bear claws you but does no damage.
You hit the polar bear but do no damage.
The polar bear is heavily wounded.
The hornet stings you.
* * * LOW HITPOINT WARNING * * *
The polar bear bites you!
You die...
Your body crumbles into a pile of gold.

#.##..##....###...##▓▓▓▓▓
#÷###.##..§...≈≈≈≈≈≈≈≈≈≈≈
.#.####≈≈..§§.≈#'########
###.#≈≈≈≈§≈≈..≈#....._..#
.#.##≈§≈≈§≈≈≈.≈#...._._.#
#+##≈≈≈≈≈≈≈≈≈≈≈#..._._._#
$
≈≈≈≈≈≈≈§≈≈≈§≈≈≈#hc_._._.#
$
+#+++#≈§§§§≈≈≈≈#yh._._._#
$ ≈≈≈§
##≈≈§###§≈#@h_._._.# $
§≈≈≈§≈##§≈# #≈§#._._._._#
$ ≈8≈§≈≈≈+≈≈#
#§≈#_._._...#
≈≈§≈≈≈##≈≈≈≈§§§##########
§≈§≈≈## #######≈≈≈≈≈≈≈≈≈
#+#### ≈§§≈###≈#######
§§§§≈##≈#$ $ 8§§≈§≈+≈# $
$ $


You could see 3 polar bears, a yaktaur and a hornet.

Vanquished Creatures
  2 hippogriffs (D)
  4 neqoxecs (D)
  Menkaure (D)
  4 necrophages (D)
  A hell rat (D)
  3 worms (D)
15 creatures vanquished.

Vanquished Creatures (others)
  A crocodile (D)
1 creature vanquished.

Grand Total: 16 creatures vanquished

Notes
Turn   | Place    | Note
-------+----------+-------------------------------------------
     0 | D        | potatolord6000 the Ogre Fighter began the quest for the Orb.
     0 | D        | Reached XP level 1. HP: 24/24 MP: 1/1
     7 | D        | Noticed a neqoxec
     7 | D        | Noticed a neqoxec
     7 | D        | Noticed a neqoxec
     7 | D        | Noticed a neqoxec
     8 | D        | Noticed a crimson imp
    13 | D        | Gained mutation: Your body sometimes deteriorates upon taking damage. [a neqoxec]
    18 | D        | Killed a neqoxec
    18 | D        | Reached skill level 7 in Fighting
    18 | D        | Reached skill level 5 in Dodging
    18 | D        | Reached XP level 2. HP: 40/40 MP: 2/2
    18 | D        | Reached XP level 3. HP: 46/46 MP: 3/3
    18 | D        | Reached XP level 4. HP: 55/55 MP: 4/4
    18 | D        | Reached XP level 5. HP: 62/62 MP: 5/5
    24 | D        | Killed a neqoxec
    24 | D        | Reached skill level 9 in Fighting
    24 | D        | Reached skill level 5 in Maces & Flails
    24 | D        | Reached skill level 5 in Armour
    24 | D        | Reached XP level 6. HP: 63/75 MP: 6/6
    31 | D        | Killed a neqoxec
    31 | D        | Reached skill level 10 in Fighting
    40 | D        | Killed a neqoxec
    40 | D        | Reached XP level 7. HP: 60/87 MP: 7/7
    49 | D        | Noticed a hippogriff
    49 | D        | Noticed a hippogriff
    56 | D        | Killed a hippogriff
    56 | D        | Reached skill level 11 in Fighting
    60 | D        | Killed a hippogriff
    60 | D        | Reached XP level 8. HP: 38/98 MP: 8/8
   379 | D        | Reached skill level 12 in Fighting
   402 | D        | Found Yruufino's Armour Shoppe.
   402 | D        | Found Vakuymn's Gadget Shoppe.
   402 | D        | Found Bura's Jewellery Shoppe.
   402 | D        | Found Liraecus's Antique Armour Emporium.
   402 | D        | Found Ismued's Antique Weapon Shoppe.
   402 | D        | Found Pasa Puw's Jewellery Emporium.
   403 | D        | Found Liepemutyu's Magic Scroll Emporium.
   403 | D        | Found Medoteac's Distillery.
   403 | D        | Found Kixejuol's Antique Armour Emporium.
   403 | D        | Found Nomom's Distillery.
   403 | D        | Found Huijov's Armour Emporium.
   404 | D        | Found Lobocvoe's Gadget Shoppe.
   404 | D        | Found Nujepn's Food Emporium.
   404 | D        | Noticed a hippogriff
   405 | D        | Found Woruc's Jewellery Shoppe.
   405 | D        | Found Waixt's Book Emporium.
   405 | D        | Noticed a hippogriff
   406 | D        | Noticed Menkaure
   406 | D        | Noticed a hippogriff
   406 | D        | Noticed an oklob plant
   407 | D        | Found Fuarouph's Book Shoppe.
   428 | D        | Killed Menkaure
   438 | D        | Bought a potion of mutation for 104 gold pieces
   438 | D        | Lost mutation: Your body sometimes deteriorates upon taking damage. [potion of mutation]
   438 | D        | Gained mutation: Your natural rate of healing is unusually fast. [potion of mutation]
   566 | D        | Bought the amulet "Inenlas" {rN++ Regen+ Int+3} for 591 gold pieces
   619 | D        | Noticed an ice statue
   629 | D        | Found an opulent altar of Gozag.
   629 | D        | Found an iron altar of Okawaru.
   630 | D        | Found a blossoming altar of Fedhas.
   630 | D        | Found a sparkling altar of Nemelex Xobeh.
   631 | D        | Found a white marble altar of Elyvilon.
   631 | D        | Found a burning altar of Makhleb.
   631 | D        | Found a radiant altar of Vehumet.
   632 | D        | Found a shadowy altar of Dithmenos.
   632 | D        | Found a corrupted altar of Lugonu.
   632 | D        | Found a hide-covered altar of Uskayaw.
   633 | D        | Found a snail-covered altar of Cheibriados.
   633 | D        | Found an ancient bone altar of Kikubaaqudgha.
   633 | D        | Found a bloodstained altar of Trog.
   633 | D        | Found a glowing silver altar of Zin.
   633 | D        | Noticed a polar bear
   634 | D        | Found a viscous altar of Jiyva.
   634 | D        | Found a roughly hewn altar of Beogh.
   634 | D        | Found a deep blue altar of Sif Muna.
   634 | D        | Found a basalt altar of Yredelemnul.
   645 | D        | Found a hazy altar of Hepliaklqana.
   645 | D        | Found a sacrificial altar of Ru.
   646 | D        | Found a shimmering altar of Xom.
   647 | D        | Noticed a polar bear
   647 | D        | Found a stormy altar of Qazlal.
   647 | D        | Found an ornate altar of the Wu Jian Council.
   647 | D        | Found a glowing golden altar of the Shining One.
   647 | D        | Noticed a hornet
   648 | D        | Noticed a polar bear
   648 | D        | Noticed a yaktaur
   656 | D        | Noticed an orange crystal statue
   657 | D        | Became a worshipper of Gozag Ym Sagoz the Greedy
   660 | D        | Slain by a polar bear

Vault maps used:
D:        the_violet_keep_of_menkaure

Skill      XL: |  1  2  3  4  5  6  7  8 |
---------------+-------------------------+-----
Fighting       | 7 9 10 11 12 | 12.5
Maces & Flails | 4 5 7 8 |  8.9
Armour         | 3 5 6 7 |  7.9
Dodging        | 5 6 7 8 9 |  9.2
Shields        | |  2.6

Action                   |  1- 3 |  4- 6 |  7- 9 || total
-------------------------+-------+-------+-------++-------
Melee: Flail             |     8 |    22 |    69 ||    99
Invok: Potion Petition   |       |       |     1 ||     1
  Use: Potion            |     3 |       |     3 ||     6
  Eat: Bread ration      |       |       |     1 ||     1
Armor: Robe              |     1 |       |    15 ||    16
Dodge: Dodged            |     2 |     4 |    63 ||    69
